 Dungeon Crawl Stone Soup version 0.26-a0-1079-g3a4175ecf3 (webtiles) character file.

Game seed: 3370408701056574537

(classic levelgen) 60174 EnegeticOcto the Cleaver (level 14, 0/90 HPs)
             Began as a Gargoyle Fighter on Dec 14, 2020.
             Was a High Priest of the Shining One.
             Killed from afar by a rime drake (12 damage)
             ... with a flash freeze
             ... on level 6 of the Lair of Beasts.
             The game lasted 00:14:34 (17851 turns).

EnegeticOcto the Cleaver (Gargoyle Fighter)        Turns: 17851, Time: 00:14:34

Health: 0/90       AC: 40    Str: 23    XL:     14   Next: 98%
Magic:  0/21       EV:  5    Int: 11    God:    the Shining One [*****.]
Gold:   1583       SH: 20    Dex:  9    Spells: 13/13 levels left

rFire    + . .     SeeInvis .   a - +1 war axe (elec)
rCold    x . .     Faith    .   p - +2 tower shield
rNeg     + + +     Spirit   +   A - +4 plate armour {ponderous}
rPois    ∞         Reflect  .   E - +0 helmet
rElec    +         Harm     .   K - +2 cloak {Will+}
rCorr    .         Rampage  .   (no gloves)
Will     ++...                  L - +0 pair of boots
Stlth    ..........             o - amulet of guardian spirit
HPRegen  0.25/turn              y - +4 ring of protection
MPRegen  0.17/turn              l - ring of fire

@: glowing, slow
A: big wings, negative energy resistance 1, electricity resistance, unbreathing,
petrification resistance, miasma immunity, AC +10
a: Fly, Divine Shield, Cleansing Flame, Summon Divine Warrior, Renounce Religion


You were on level 6 of the Lair of Beasts.
You worshipped the Shining One.
The Shining One was extremely pleased with you.
You visited 2 branches of the dungeon, and saw 17 of its levels.
You also visited: Bailey.

You collected 2602 gold pieces.
You spent 1019 gold pieces at shops.

Inventory:

Hand Weapons
 a - a +1 war axe of electrocution (weapon)
 b - a +1 hand axe of flaming
 G - a +2 spear of distortion
Missiles
 h - a throwing net (quivered)
Armour
 i - a +2 ring mail of cold resistance
 p - a +2 tower shield (worn)
 A - a +4 plate armour of ponderousness (worn)
 E - a +0 helmet (worn)
 K - a +2 cloak of willpower (worn)
 L - a +0 pair of boots (worn)
Jewellery
 l - a ring of fire (right hand)
 o - an amulet of guardian spirit (around neck)
 y - a +4 ring of protection (left hand)
 B - a +4 ring of protection
Wands
 f - a wand of enslavement (5)
 q - a wand of digging (21) {@v3}
 C - a wand of disintegration (27)
 H - a wand of paralysis (17)
 O - a wand of acid (8) {@v1}
Scrolls
 c - 2 scrolls of blinking
 j - 3 scrolls of immolation {@r4}
 m - 2 scrolls of fear
 s - 2 scrolls of fog
 t - 7 scrolls of remove curse {@r2}
 w - 2 scrolls of identify {@r1}
 x - 10 scrolls of teleportation {@r3}
 F - 2 scrolls of enchant weapon
 I - a scroll of magic mapping {@r5}
 M - a scroll of holy word {unknown}
Potions
 d - a potion of might {@q3}
 e - 4 potions of curing {@q1}
 g - 3 potions of mutation
 n - 4 potions of magic
 r - a potion of ambrosia
 u - 2 potions of haste {@q4}
 v - 4 potions of lignification
 z - 4 potions of heal wounds {@q2}
 D - 3 potions of flight
 J - a potion of resistance {@q5}
 N - a potion of attraction
Miscellaneous
 k - a phantom mirror


   Skills:
 + Level 11.4 Fighting
 * Level 13.2 Axes
 + Level 11.6 Armour
 - Level 3.5 Dodging
 + Level 10.6 Shields
 + Level 10.4 Invocations
 - Level 8.0 Evocations


You had 13 spell levels left.
You didn't know any spells.
Your spell library was empty.

Dungeon Overview and Level Annotations

Branches:
Dungeon (11/15)            Temple (0/1) D:6            Lair (6/6) D:10
 Shoals (0/4) Lair:2       Spider (0/4) Lair:3        Slime (0/5) Lair:5
 Bailey (visited)
    Orc: D:9-12

Altars:
Ashenzari
Cheibriados
Dithmenos
Gozag
Kikubaaqudgha
Nemelex Xobeh
Okawaru
Uskayaw
Xom
The Shining One
Beogh
Jiyva

Shops:
D:5 *   D:8 (   D:9 :   D:11 =

Annotations:
Lair:1 exclusion: 2 oklob plants
Lair:5 2 runed translucent doors, hemabe71's ghost, journeyman HuAr


Innate Abilities, Weirdness & Mutations

You are resistant to torment.
Your stone body is resilient. (AC +10)
You are immune to poison.
Your large and strong wings let you fly indefinitely.
You resist negative energy. (rN+)
You are resistant to electric shocks. (rElec)
You can survive without breathing.
You are immune to petrification.
You are immune to miasma.


Message History

The ice encasing you melts away. The steam dragon breathes steam at you.
The ball of steam hits you! You block the steam dragon's attack. x2
You block the rime drake's attack.
You hit the steam dragon.
The steam dragon is almost dead.
You hit the steam dragon. You closely miss the rime drake.
You are engulfed in a cloud of scalding steam.
The rime drake is engulfed in a cloud of scalding steam.
You block the rime drake's attack.
The steam dragon bites you but does no damage.
You block the steam dragon's attack.
The steam dragon bites you but does no damage.
The steam dragon claws you but does no damage.
You hit the steam dragon but do no damage.
Lightning courses through the steam dragon!
You kill the steam dragon!
The steam dragon scales are intact enough to wear.
You hit the steam dragon. You hit the rime drake.
You are engulfed in a cloud of scalding steam.
You block the rime drake's attack. The steam dragon breathes steam at you.
The ball of steam hits you but does no damage.
The steam dragon breathes steam at you.
The ball of steam hits the steam dragon.
The steam dragon resists.
The ball of steam hits you!!
You hear a deafening roar!
You hit the steam dragon.
Lightning courses through the steam dragon!
You kill the steam dragon!
The steam dragon scales are intact enough to wear.
You slash the rime drake!
You are engulfed in a cloud of scalding steam.
The rime drake breathes ice at you.
The flash freeze hits you but does no damage.
You are encased in ice.
Your shield and plate armour prevent you from hitting the rime drake.
The rime drake is severely wounded.
You hit the steam dragon. You block the rime drake's attack.
You block the steam dragon's attack. x2
You barely miss the rime drake.
The rime drake is severely wounded.
You slash the steam dragon!
Lightning courses through the steam dragon!!
You block the rime drake's attack.
A fire dragon comes into view.
The steam dragon bites you.
The steam dragon claws you but does no damage.
The rime drake bites you but does no damage.
You slash the steam dragon!
You kill the steam dragon!
You slash the rime drake!
You kill the rime drake!
The ice encasing you melts away. The fire dragon breathes flames at you.
The blast of flame hits you!!
Things that are here:
a rime drake corpse; a rime drake corpse You are too injured to fight recklessly!
You are too injured to fight recklessly!
You are too injured to fight recklessly!
You are too injured to fight recklessly!
You are too injured to fight recklessly!
You are too injured to fight recklessly!
You are too injured to fight recklessly!
You are too injured to fight recklessly!
You are too injured to fight recklessly!
You are too injured to fight recklessly!
You are too injured to fight recklessly!
You are too injured to fight recklessly!
You are too injured to fight recklessly!
You are too injured to fight recklessly!
You are too injured to fight recklessly!
You are too injured to fight recklessly!
You are too injured to fight recklessly!
You are too injured to fight recklessly!
You remove your +4 ring of protection.
You feel more attuned to fire.
l - a ring of fire (right hand)
The fire dragon breathes flames at you. The blast of flame hits you!
You resist.
A rime drake comes into view.
The rime drake hisses angrily.
The rime drake breathes ice at you. You block the flash freeze.
The fire dragon breathes flames at you. The blast of flame hits you!
You resist.
* * * LOW HITPOINT WARNING * * *
A four-headed hydra comes into view.
The four-headed hydra roars!
The rime drake breathes ice at you. You block the flash freeze.
You block the four-headed hydra's attack. x2
The four-headed hydra bites you but does no damage. x2
The fire dragon breathes flames at you. The blast of flame hits you!
You resist.
* * * LOW HITPOINT WARNING * * *
The rime drake breathes ice at you. The flash freeze hits you!
You feel a painful chill!
You die...

###......8...........####..k##.
###....8................#........
..........8......(..Dk...........
.....8..................P#...#...
............8....................
...#............................?
.........P......D.............##.
.#.#...#P....P...###..........###
..##.#....#.....@###..........# #
.... .................)..P..P.#
.#......#.P....##..##......PP.#
#...#....#....#.#..#......PPP.#
.........................P....#
P..........P..P...#.P.....P#.P#
........P...P...........D.<...#
...P...P..P...........#..PP...#
...........P..................#


You could see a fire dragon (catching breath), a four-headed hydra and a rime
drake (catching breath).

Vanquished Creatures
  Rupert (Lair:4)
  8 hydras
  A boulder beetle (Lair:6)
  Harold (D:7)
  The ghost of waddelsworth the Grappler, a novice TrMo of Wu Jian (D:10)
  3 catoblepae (Lair:6)
  2 two-headed ogres
  10 death yaks
  An unseen horror (D:10)
  A spectral wolf spider (D:10)
  2 manticores (Lair:6)
  3 merfolk sirens (Lair:2)
  3 black mambas
  3 spectral centaurs (D:10)
  10 elephants
  A gargoyle (D:11)
  11 cane toads
  6 rime drakes
  8 komodo dragons
  A merfolk (Lair:2)
  4 polar bears
  Prince Ribbit (D:7)
  29 blink frogs
  6 dream sheep (Lair:6)
  A centaur simulacrum (D:10)
  57 yaks
  2 wraiths (D:10)
  4 wyverns
  7 basilisks
  4 steam dragons (Lair:6)
  A soldier ant (D:11)
  19 water moccasins
  7 orc warriors
  2 sky beasts
  A phantom (D:4)
  4 ice beasts
  A hornet zombie (D:10)
  2 ogres
  4 wolves (Lair:4)
  4 centaurs
  20 bullfrogs
  14 killer bees
  3 scorpions
  16 wights
  A howler monkey (D:10)
  A bullfrog zombie (D:11)
  A quasit (D:8)
  7 hounds
  5 jellies
  2 bullfrog skeletons (D:6)
  5 orc priests
  4 centaur skeletons
  5 hell rats (Lair:6)
  8 orc wizards
  5 iguanas
  14 worker ants
  A killer bee zombie (D:5)
  A bullfrog simulacrum (D:10)
  A hound skeleton (D:5)
  12 gnolls
  15 adders
  A shadow imp (D:10)
  A white imp (D:6)
  3 ufetubi
  3 oozes
  3 adder skeletons
  2 adder zombies
  4 worms
  4 leopard geckos
  53 orcs
  2 ball pythons
  10 giant cockroaches
  17 goblins
  10 hobgoblins
  2 jackals (D:2)
  6 kobolds
  4 quokkas
  6 bats
  5 frilled lizards
  A jackal skeleton (D:9)
  A quokka skeleton (D:5)
  8 rats
524 creatures vanquished.

Vanquished Creatures (others)
  3 bushes (D:10)
  31 fungi
  81 plants
115 creatures vanquished.

Grand Total: 639 creatures vanquished

Notes
Turn   | Place    | Note
-------+----------+-------------------------------------------
     0 | D:1      | EnegeticOcto the Gargoyle Fighter began the quest for the
                  | Orb.
     0 | D:1      | Reached XP level 1. HP: 14/14 MP: 1/1
   126 | D:1      | Reached skill level 2 in Axes
   126 | D:1      | Reached XP level 2. HP: 19/19 MP: 2/2
   635 | D:1      | Reached XP level 3. HP: 23/23 MP: 3/3
   854 | D:1      | Found a sparkling altar of Nemelex Xobeh.
  1227 | D:2      | Reached XP level 4. HP: 21/29 MP: 4/4
  1393 | D:2      | Reached skill level 3 in Axes
  1408 | D:2      | Reached XP level 5. HP: 20/33 MP: 5/5
  3281 | D:4      | Noticed an ogre
  3290 | D:4      | Killed an ogre
  3291 | D:4      | Reached XP level 6. HP: 18/39 MP: 2/6
  3471 | D:4      | Reached skill level 4 in Axes
  4145 | D:5      | Entered Level 5 of the Dungeon
  4153 | D:5      | Reached XP level 7. HP: 44/44 MP: 7/7
  4186 | D:5      | Found a shadowy altar of Dithmenos.
  4186 | D:5      | Found an iron altar of Okawaru.
  4186 | D:5      | Found a glowing golden altar of the Shining One.
  4186 | D:5      | Found a shimmering altar of Xom.
  4309 | D:4      | Reached skill level 5 in Fighting
  4309 | D:4      | Reached skill level 5 in Armour
  4309 | D:4      | Reached skill level 5 in Shields
  4478 | D:5      | Found a sparkling altar of Nemelex Xobeh.
  4478 | D:5      | Found an ancient bone altar of Kikubaaqudgha.
  4493 | D:5      | Became a worshipper of the Shining One
  4585 | D:5      | Reached skill level 5 in Axes
  4655 | D:5      | Found a broken altar of Ashenzari.
  4879 | D:5      | Reached skill level 1 in Invocations
  4879 | D:5      | Found Fenorat's General Store.
  4892 | D:5      | Bought a potion of heal wounds for 65 gold pieces
  4892 | D:5      | Bought a scroll of teleportation for 39 gold pieces
  4970 | D:6      | Reached XP level 8. HP: 47/49 MP: 8/8
  5261 | D:6      | Found a staircase to the Ecumenical Temple.
  5695 | D:7      | Reached * piety under the Shining One
  5706 | D:7      | Reached skill level 6 in Axes
  5873 | D:7      | Reached XP level 9. HP: 49/55 MP: 9/11
  6162 | D:7      | Reached skill level 7 in Axes
  6170 | D:7      | Noticed Harold
  6200 | D:7      | Killed Harold
  6527 | D:7      | Noticed Prince Ribbit
  6527 | D:7      | Reached ** piety under the Shining One
  6556 | D:7      | Killed Prince Ribbit
  6557 | D:7      | Reached XP level 10. HP: 32/63 MP: 7/13
  6797 | D:7      | Reached skill level 8 in Axes
  6974 | D:7      | Reached skill level 5 in Invocations
  7111 | D:7      | Found an opulent altar of Gozag.
  7771 | D:8      | Found a hide-covered altar of Uskayaw.
  7922 | D:8      | Found a roughly hewn altar of Beogh.
  7934 | D:8      | Found Doass's Antique Weapon Emporium.
  7981 | D:8      | Bought a runed battleaxe for 247 gold pieces
  8045 | D:8      | Noticed a two-headed ogre
  8051 | D:8      | Killed a two-headed ogre
  8118 | D:8      | Found a snail-covered altar of Cheibriados.
  8175 | D:9      | Reached skill level 1 in Dodging
  8175 | D:9      | Noticed a two-headed ogre
  8185 | D:9      | Killed a two-headed ogre
  8186 | D:9      | Reached skill level 9 in Axes
  8496 | D:9      | Found Lokac's Book Shoppe.
  8752 | D:9      | Reached XP level 11. HP: 67/68 MP: 15/15
  8818 | D:9      | Reached *** piety under the Shining One
  8929 | D:9      | Found a snail-covered altar of Cheibriados.
  8931 | D:9      | Found Cheibriados's Comfort Zone.
  9118 | D:10     | Entered Level 10 of the Dungeon
  9315 | D:10     | Found a staircase to the Lair.
  9356 | D:10     | Found a runed translucent gate.
  9473 | D:10     | Noticed an unseen horror
  9482 | D:10     | Killed an unseen horror
  9483 | D:10     | Reached skill level 10 in Axes
  9483 | D:10     | Reached skill level 1 in Evocations
  9527 | D:10     | Found a runed translucent gate.
  9528 | D:10     | Found a runed translucent gate.
  9528 | D:10     | Noticed waddelsworth's ghost (novice TrMo)
  9608 | D:10     | Reached **** piety under the Shining One
  9761 | D:10     | Killed waddelsworth's ghost
  9877 | D:11     | Found a flagged portal.
  9887 | D:11     | Reached XP level 12. HP: 58/76 MP: 12/17
  9915 | Bailey   | Entered a bailey
 10761 | D:11     | Found Megh's Jewellery Shop.
 10932 | D:9      | Bought a +4 plate armour of ponderousness for 220 gold
                  | pieces
 11014 | Lair:1   | Entered Level 1 of the Lair of Beasts
 11106 | Lair:1   | Noticed a five-headed hydra
 11127 | Lair:1   | Killed a five-headed hydra
 11127 | Lair:1   | Noticed a four-headed hydra
 11223 | Lair:1   | Killed a one-headed hydra
 11533 | Lair:1   | Noticed a four-headed hydra
 11547 | Lair:1   | Killed a four-headed hydra
 11647 | Lair:1   | Reached skill level 11 in Axes
 11726 | Lair:1   | Reached ***** piety under the Shining One
 11814 | Lair:1   | Identified a scroll of acquirement
 11815 | Lair:1   | Acquired 1266 gold pieces
 11826 | Lair:1   | Reached skill level 5 in Evocations
 12016 | D:5      | Bought a potion of magic for 104 gold pieces
 12016 | D:5      | Bought a +2 tower shield for 214 gold pieces
 12016 | D:5      | Bought a potion of resistance for 130 gold pieces
 12518 | Lair:1   | Acquired a +0 cloak of willpower
 12625 | Lair:2   | Reached XP level 13. HP: 81/82 MP: 19/19
 12683 | Lair:2   | Reached skill level 10 in Armour
 12872 | Lair:2   | Found a staircase to the Shoals.
 12897 | Lair:2   | Reached skill level 10 in Fighting
 14249 | Lair:3   | Found a hole to the Spider Nest.
 14742 | Lair:4   | Noticed Rupert
 14743 | Lair:4   | Identified the +10 tower shield "Kuhyneag" {rCorr}
 14761 | Lair:4   | Killed Rupert
 14762 | Lair:4   | Reached skill level 12 in Axes
 15810 | Lair:5   | Found a large runed translucent door.
 15810 | Lair:5   | Found a large runed translucent door.
 15886 | Lair:5   | Found a staircase to the Slime Pits.
 15887 | Lair:5   | Found a viscous altar of Jiyva.
 15963 | Lair:5   | Noticed hemabe71's ghost (journeyman HuAr)
 16266 | Lair:6   | Entered Level 6 of the Lair of Beasts
 16280 | Lair:6   | Gained mutation: Your large and strong wings let you fly
                  | indefinitely. [Gargoyle growth]
 16280 | Lair:6   | Reached XP level 14. HP: 86/88 MP: 19/21
 17008 | Lair:6   | Reached skill level 10 in Shields
 17421 | Lair:6   | Reached skill level 10 in Invocations
 17704 | Lair:6   | Reached skill level 13 in Axes
 17851 | Lair:6   | Killed from afar by a rime drake

Illustrated notes

Levels and vault maps discovered:
D:1:      onia_arrival_mini_spirals, layout_loops_cross, minmay_misc_feat_rows,
          minmay_misc_feat_tower, nemelex_diamond_rough_becter
D:2:      layout_loops_corners, minivault_14, cheibrodos_gnoll_hut
D:3:      layout_loops_ring
D:4:      layout_basic
D:5:      layout_basic, minmay_overflow_temple_hex, cheibrodos_ashenzari_chains,
          serial_shops, nicolae_shop_waterfront, roderic_nine_men_s_morris
D:6:      layout_basic, temple_statues
D:7:      layout_loops_ring, nicolae_gozag_seed_capital, uniq_prince_ribbit1,
          uniq_harold
D:8:      layout_rooms, nicolae_overflow_crystal_walls, special_room
          [special_room_orc], serial_shops, shop, basic_altar
D:9:      layout_loops_cross, serial_shops, shop, minmay_shop_chei
D:10:     layout_rooms, minmay_lair_entry_grove, gammafunk_ghost_necromancy
D:11:     layout_grid_maze, enter_bailey_4, serial_shops, shop
Lair:1:   layout_gridlike, minmay_lair_oklob_chamber,
          infiniplex_staircase_pool_2, grunt_megastairs_2
Lair:2:   layout_chaotic_city, elwin_shoals_entry_stream,
          infiniplex_staircase_pool
Lair:3:   layout_hall_layers, spider_nest_entry_web_field, lemuel_fruit_tree
Lair:4:   layout_cellular_growth, chequers_serial_rivers_marsh, uniq_rupert
Lair:5:   layout_misc_corridors, slime_altar_1, ebering_ghost_disaster_area
Lair:6:   evilmike_catoblepas_cave, layout_long_grid, bobbens_dragon_lair_wall

Skill      XL: |  1  2  3  4  5  6  7  8  9 10 11 12 13 14 |
---------------+-------------------------------------------+-----
Axes           | 2 3 4 5 6 7 9 10 11 12 13 | 13.2
Fighting       | 4 5 6 7 8 9 10 11 | 11.4
Armour         | 4 5 6 7 8 9 10 11 | 11.6
Shields        | 4 5 6 7 8 9 10 | 10.6
Invocations    | 1 3 4 6 7 8 9 10 | 10.4
Dodging        | 1 3 |  3.5
Evocations     | 2 5 7 8 |  8.0

Action                   |  1- 3 |  4- 6 |  7- 9 | 10-12 | 13-15 || total
-------------------------+-------+-------+-------+-------+-------++-------
Melee: War axe           |   113 |   260 |   387 |   399 |   498 ||  1657
       Battleaxe         |       |       |       |   173 |       ||   173
       Hand axe          |       |       |       |    19 |    50 ||    69
Invok: Divine Shield     |       |       |       |     2 |     3 ||     5
       Summon Divine War |       |       |       |       |     1 ||     1
Evoke: Wand              |       |       |       |       |     1 ||     1
  Use: Scroll            |       |     3 |    12 |    10 |     4 ||    29
       Potion            |       |       |     1 |       |       ||     1
Armor: Scale mail        |    26 |       |       |       |       ||    26
       Chain mail        |    35 |   164 |   294 |    33 |       ||   526
       Plate armour      |       |       |       |   420 |   495 ||   915
Dodge: Dodged            |    27 |    59 |   109 |   256 |   101 ||   552
Block: Kite shield       |    56 |   137 |   236 |   265 |       ||   694
       Other             |       |       |       |    13 |       ||    13
       Tower shield      |       |       |       |    48 |   634 ||   682

Table legend: (Time is in decaauts)
 A = Elapsed time spent in this place.
 B = Non-inter-level travel time spent in this place.
 C = Inter-level travel time spent in this place.
 D = Time resting spent in this place.
 E = Time spent auto-exploring this place.
 F = Levels seen in this place.
 G = Mean time per level.
                   A        B        C        D        E       F      G
               +--------+--------+--------+--------+--------+-----+--------+
         Total |  18641 |  17516 |   1125 |     33 |  13740 |  18 | 1035.6 |
       Dungeon |  11686 |  10794 |    892 |     33 |   8226 |  11 | 1062.4 |
          Lair |   6952 |   6719 |    233 |      0 |   5514 |   6 | 1158.7 |
        Bailey |      2 |      2 |      0 |      0 |      0 |   1 |    2.0 |
               +--------+--------+--------+--------+--------+-----+--------+

Top non-repeatable levels by time:
     D:7: 1911 daAuts
     D:2: 1505 daAuts
  Lair:2: 1360 daAuts
  Lair:1: 1327 daAuts
  Lair:6: 1290 daAuts
  Lair:5: 1125 daAuts
    D:11: 1065 daAuts
     D:9: 1049 daAuts
     D:4: 1005 daAuts
     D:1: 996 daAuts
  Lair:4: 988 daAuts
    D:10: 926 daAuts
     D:3: 917 daAuts
     D:6: 887 daAuts
  Lair:3: 859 daAuts
